 Dungeon Crawl Stone Soup version 0.16.1-30-g34a7ffa (webtiles) character file.

228 Jb9000 the Covered (level 5, -1/53 HPs)
             Began as a Troll Fighter on June 26, 2015.
             Slain by a quokka skeleton (2 damage)
             ... on level 4 of the Dungeon.
             The game lasted 00:13:25 (3176 turns).

Jb9000 the Covered (Troll Fighter)                  Turns: 3176, Time: 00:13:26

Health: -1/53      AC:  6    Str: 24    XL:     5   Next: 70%
Magic:  2/2        EV:  9    Int:  4    God:
Gold:   179        SH:  0    Dex: 10    Spells: 0 memorised, 4 levels left

rFire  + . .     SeeInvis .     y - -2 hunting sling (curse)
rCold  . . .     Clarity  .     b - +0 robe
rNeg   + . .     SustAb   .     (shield restricted)
rPois  .         Gourm    +     (helmet restricted)
rElec  .         Spirit   .     n - +0 cloak
rCorr  .         Warding  +     (gloves unavailable)
rMut   .         Stasis   .     (boots unavailable)
MR     .....                    u - amulet of warding
Stlth  +.........               w - ring of protection from fire
                                o - ring of flight

@: not resistant to hostile enchantments, very unstealthy
A: unfitting armour, claws 3, fast metabolism 3, gourmand, regeneration 2,
shaggy fur 1, tough skin 2
a: Evoke Flight


You were on level 4 of the Dungeon.
You were not hungry.

You visited 1 branch of the dungeon, and saw 4 of its levels.

You collected 179 gold pieces.

Inventory:

Hand weapons
 a - a +0 flail
 y - a cursed -2 hunting sling (weapon)
Missiles
 f - 27 poisoned needles
 k - 31 bolts
 l - 17 poisoned arrows
 m - 12 arrows
Armour
 b - a +0 robe (worn)
 c - a +1 shield
 n - a +0 cloak (worn)
Jewellery
 o - a ring of flight (left claw)
 u - an amulet of warding (around neck)
 w - a ring of protection from fire (right claw)
Scrolls
 j - a scroll of magic mapping
Potions
 e - a potion of might
 h - 2 potions of curing
 p - 2 potions of resistance
 r - 2 potions of heal wounds
 s - a potion of agility {unknown}
 t - a potion of cure mutation {unknown}
Comestibles
 d - 4 meat rations
 g - a slice of pizza
 q - 3 bread rations


   Skills:
 + Level 3.1 Fighting
 + Level 2.6 Maces & Flails
 + Level 3.3 Armour
 + Level 1.4 Dodging
 + Level 1.1 Stealth
 + Level 3.0 Shields


You had 4 spell levels left.
You didn't know any spells.

Dungeon Overview and Level Annotations

Branches:
Dungeon (4/15)
 Temple: D:4-7

Altars:
Cheibriados


Innate Abilities, Weirdness & Mutations

You are too large for most types of armour.
You have claws for hands.
Your metabolism is lightning-fast.
You like to eat raw meat.
You heal very quickly.
You are covered in fur (AC +1).
You have very tough skin (AC +2).


Message History

The quokka skeleton barely misses you. The giant frog skeleton hits you.
* * * LOW HITPOINT WARNING * * *
The quokka skeleton bites you.
* * * LOW HITPOINT WARNING * * *
The giant frog skeleton hits you but does no damage.
You barely miss the quokka skeleton.
The giant frog skeleton hits you but does no damage.
The quokka skeleton barely misses you.
You barely miss the quokka skeleton. The giant frog skeleton hits you.
* * * LOW HITPOINT WARNING * * *
The quokka skeleton bites you.
* * * LOW HITPOINT WARNING * * *
The giant frog skeleton hits you but does no damage.
The quokka skeleton bites you but does no damage.
You clumsily bash the quokka skeleton but do no damage.
The giant frog skeleton hits you but does no damage.
The giant frog skeleton hits you.
* * * LOW HITPOINT WARNING * * *
The quokka skeleton bites you.
You die...

.... #..# #.##..#..
.....##.###.##..###
##+#..................
.......####(###.#######
#.......# #(###.#
#.......# #..##.#
#.......# ##)##.#
#......Z#####.)#.#
#.....Z@.......#.#
####.###.........####.
#..............
#.........###..
#.........# #.........#
#.......#.#
....######># ....# ##


You could see a quokka skeleton and a giant frog skeleton.

Vanquished Creatures
  The ghost of Jb9000 the Shooter, a weakling CeAM (D:3)
  A worker ant (D:4)
  7 adders
  3 giant geckos (D:2)
  3 oozes
  An orc (D:3)
  A ball python (D:2)
  5 giant cockroaches
  13 goblins
  8 hobgoblins
  10 bats
  6 giant newts
  12 jackals
  7 kobolds
  3 quokkas
  16 rats
97 creatures vanquished.

Notes
Turn   | Place    | Note
--------------------------------------------------------------
     0 | D:1      | Jb9000, the Troll Fighter, began the quest for the Orb.
     0 | D:1      | Reached XP level 1. HP: 22/22 MP: 1/1
   185 | D:1      | Reached XP level 2. HP: 29/29 MP: 1/1
   396 | D:1      | Reached XP level 3. HP: 9/36 MP: 2/2
  1263 | D:2      | Reached skill level 1 in Dodging
  1273 | D:2      | Reached XP level 4. HP: 44/44 MP: 2/2
  1488 | D:2      | Reached skill level 3 in Armour
  1936 | D:3      | Noticed Jb9000's ghost (weakling CeAM)
  1949 | D:3      | Killed Jb9000's ghost
  1949 | D:3      | Reached XP level 5. HP: 43/53 MP: 2/2
  2395 | D:3      | Found a snail-covered altar of Cheibriados.
  2764 | D:4      | Reached skill level 1 in Stealth
  3176 | D:4      | HP: 1/53 [giant frog skeleton (3)]
  3176 | D:4      | Slain by a quokka skeleton

Action                   |  1- 3 |  4- 6 || total
-------------------------+-------+-------++-------
Melee: Flail             |   126 |   207 ||   333
       Hunting sling     |       |   228 ||   228
  Use: Potion            |     3 |       ||     3
       Scroll            |     4 |     3 ||     7
  Eat: Chunk             |    13 |    18 ||    31
